 Dungeon Crawl Stone Soup version 0.31-a0-222-gefeffbb62a (webtiles) character file.

Game seed: 11897965038911509540

1381 Newt the Covert (level 8, -14/53 HPs)
             Began as a Kobold Hunter on July 5, 2023.
             Demolished by a two-headed ogre
             ... wielding a +0 giant spiked club
              (27 damage)
             ... on level 6 of the Dungeon.
             The game lasted 00:05:20 (5819 turns).

Newt the Covert (Kobold Hunter)                     Turns: 5819, Time: 00:05:22

Health: -14/53     AC:  5    Str:  9    XL:     8   Next: 99%
Magic:  17/17      EV: 17    Int: 10    God:
Gold:   256        SH:  0    Dex: 20    Spells: 7/7 levels left

rFire   . . .        e - +5 dagger (venom)
rCold   . . .        (no shield)
rNeg    . . .        c - +0 leather armour
rPois   +            (no helmet)
rElec   .            k - +0 cloak
rCorr   .            (no gloves)
SInv    .            f - +0 pair of boots
Will    +....        (no amulet)
Stlth   +++++        r - ring of magical power
HPRegen 0.28/turn    (no ring)
MPRegen 0.15/turn

%: no passive effects
@: no status effects
A: small, no large weapons, nightstalker 3, talons 1, strong-willed 1, poison
resistance, robust 1
a: no special abilities


You were on level 6 of the Dungeon.
You visited 1 branch of the dungeon, and saw 6 of its levels.

You collected 256 gold pieces.

Inventory:

Hand Weapons
 a - a +0 shortbow
 e - a +5 dagger of venom (weapon)
Missiles
 g - 5 boomerangs
Armour
 c - a +0 leather armour (worn)
 f - a +0 pair of boots (worn)
 k - a +0 cloak (worn)
Jewellery
 r - a ring of magical power (left hand)
Wands
 s - a wand of flame (18)
Scrolls
 b - a scroll of butterflies
 n - a scroll of fear
 p - a scroll of teleportation {unknown}
 t - a scroll of identify
Potions
 d - a potion of mutation
 h - a potion of heal wounds
 i - a potion of lignification
 j - a potion of curing
 l - a potion of attraction
 m - a potion of haste {unknown}
 o - a potion of brilliance {unknown}
 q - a potion of berserk rage {unknown}


   Skills:
 - Level 5.0 Fighting
 + Level 6.9 Short Blades
 - Level 5.3 Ranged Weapons
 - Level 6.0 Dodging
 - Level 9.0 Stealth


You had 7 spell levels left.
You didn't know any spells.
Your spell library contained the following spells:

 Spells                   Type           Power      Damage    Failure   Level
 Apportation              Tloc           0%         N/A       47%         1
 Necrotise                Necr           0%         1d4       47%         1
 Summon Small Mammal      Summ           0%         N/A       47%         1
 Lesser Beckoning         Tloc           0%         N/A       63%         2
 Gell's Gravitas          Tloc           0%         N/A       85%         3
 Teleport Other           Tloc           0%         N/A       85%         3


Dungeon Overview and Level Annotations

Branches:
Dungeon (6/15)
 Temple: D:4-7

Altars:
Fedhas


Innate Abilities, Weirdness & Mutations

You are small and have problems with some larger weapons.
You are completely attuned to the shadows.
You have sharp toenails.
You are strong-willed. (Will+)
Your system is resistant to poisons. (rPois)
You are robust. (+10% HP)


Message History

You closely miss the kobold.
A kobold comes into view. It is wielding a +2 dagger of draining.
A two-headed ogre comes into view.
It is wielding two +0 giant spiked clubs.
A kobold comes into view. It is wielding a +0 dagger.
The kobold hits you with a +0 dagger.
The kobold shouts!
You puncture the kobold!
You kill the kobold!
You hit the kobold brigand.
The kobold brigand is poisoned.
The kobold brigand is lightly wounded.
Unknown command.
The kobold brigand throws a curare-tipped dart.
The curare-tipped dart hits you.
The kobold brigand throws a curare-tipped dart.
The curare-tipped dart hits you.
Aiming: Throw Flame
Press: ? - help, Shift-Dir - straight line, f - two-headed ogre
Aim: a two-headed ogre, wielding two +0 giant spiked clubs (85% to hit)
The puff of flame hits the two-headed ogre.
The two-headed ogre is lightly wounded.
Aiming: Throw Flame
Press: ? - help, Shift-Dir - straight line, f/p - two-headed ogre
Aim: a two-headed ogre, wielding two +0 giant spiked clubs (lightly wounded, 85% to hit)
The puff of flame hits the two-headed ogre.
The two-headed ogre is lightly wounded.
Unknown command.
You hit the two-headed ogre but do no damage.
The two-headed ogre is lightly wounded.
The two-headed ogre completely misses you.
The two-headed ogre hits you with a +0 giant spiked club!
You puncture the two-headed ogre!
The two-headed ogre is poisoned.
The two-headed ogre is moderately wounded.
You hit the two-headed ogre.
The two-headed ogre is moderately wounded.
The kobold brigand completely misses you.
The two-headed ogre hits you with a +0 giant spiked club!!
* * * LOW HITPOINT WARNING * * *
The two-headed ogre hits you with a +0 giant spiked club!!
Ouch! That really hurt!
You die...

........ .......#.
......... ...)...#
.......### ##
.[.......##..
......K.K....
....?##OK...#
...###..@...###...
.. ##.....#.#..#
###..........##
#.............#
#...#......<.#
...###.......##
..........รท.##
.....###.)#
......###)...


You could see a two-headed ogre (very poisoned), a kobold brigand (poisoned) and
2 kobolds.

Vanquished Creatures
  Duvessa (D:6)
  A water moccasin (D:6)
  An orc warrior (D:3)
  2 phantoms
  2 scorpions
  2 wights
  Dowan (D:6)
  A vampire bat (D:3)
  2 hounds
  A jelly (D:5)
  A sleepcap (D:5)
  3 iguanas
  4 orc wizards
  8 adders
  3 gnolls (D:5)
  2 white imps
  An ufetubus (D:4)
  A worm (D:2)
  A dart slug (D:1)
  3 fire bats (D:3)
  19 orcs
  2 spectral bats (D:3)
  18 bats
  3 bat skeletons (D:3)
  A bat zombie (D:3)
  13 endoplasms
  3 giant cockroaches
  9 goblins
  9 hobgoblins
  2 jackals (D:2)
  2 kobolds
  2 quokkas
  6 ball pythons
  A bat simulacrum (D:3)
  3 frilled lizards
  4 rats
138 creatures vanquished.

Notes
Turn   | Place    | Note
-------+----------+-------------------------------------------
     0 | D:1      | Newt the Kobold Hunter began the quest for the Orb.
     0 | D:1      | Reached XP level 1. HP: 12/12 MP: 1/1
   115 | D:1      | Reached XP level 2. HP: 18/18 MP: 2/2
   368 | D:1      | Reached XP level 3. HP: 23/23 MP: 3/3
   794 | D:1      | Found a faded altar of an unknown god.
  1072 | D:2      | You fall into a shaft and drop 1 floor!
  1212 | D:2      | Reached XP level 4. HP: 30/30 MP: 4/4
  1577 | D:2      | Gained mutation: Your system is resistant to poisons.
                  | (rPois) [potion of mutation]
  1577 | D:2      | Gained mutation: You are robust. (+10% HP) [potion of
                  | mutation]
  1577 | D:2      | Gained mutation: You are strong-willed. (Will+) [potion of
                  | mutation]
  1577 | D:2      | Gained mutation: You have sharp toenails. [potion of
                  | mutation]
  1638 | D:2      | Reached skill level 5 in Fighting
  1885 | D:3      | Reached skill level 1 in Short Blades
  1892 | D:3      | Reached XP level 5. HP: 38/38 MP: 5/5
  2115 | D:3      | Reached XP level 6. HP: 29/44 MP: 6/6
  2307 | D:3      | Reached skill level 5 in Short Blades
  2307 | D:3      | Reached skill level 2 in Stealth
  2826 | D:4      | Reached skill level 4 in Stealth
  3045 | D:4      | Noticed an orc warrior
  3069 | D:3      | Killed an orc warrior
  3070 | D:3      | Reached skill level 5 in Stealth
  3070 | D:3      | Reached XP level 7. HP: 28/48 MP: 7/7
  3801 | D:5      | Entered Level 5 of the Dungeon
  3847 | D:5      | Reached skill level 5 in Dodging
  4004 | D:5      | Reached XP level 8. HP: 35/53 MP: 8/8
  4306 | D:5      | Reached skill level 6 in Stealth
  4640 | D:5      | Reached skill level 7 in Stealth
  4698 | D:5      | Found a blossoming altar of Fedhas.
  4965 | D:6      | Reached skill level 8 in Stealth
  5517 | D:6      | Noticed Dowan
  5519 | D:6      | Noticed Duvessa
  5533 | D:6      | Killed Dowan
  5534 | D:6      | Reached skill level 9 in Stealth
  5535 | D:6      | Killed Duvessa
  5808 | D:6      | Noticed a two-headed ogre
  5819 | D:6      | Demolished by a two-headed ogre

Illustrated notes

Levels and vault maps discovered:
D:1:      grunt_arrival_crossed_arrows, layout_loops_corners,
          chequers_ecumenical_altar_grove, kennysheep_pointless_box,
          minmay_octomino_j4
D:2:      layout_loops_ring
D:3:      layout_loops_ring, hex_tiny, serial_park_tiny_pond,
          grunt_ministairs_1, goddamned_bats
D:4:      layout_basic
D:5:      layout_basic, mainiacjoe_overflow_alcove_4
D:6:      layout_cave_pools, minmay_temple_entry_statues_fountains,
          gammafunk_ghost_arena, uniq_duvessa

Skill      XL: |  1  2  3  4  5  6  7  8 |
---------------+-------------------------+-----
Fighting       | 3 4 5 |  5.0
Short Blades   | 2 4 5 6 |  6.9
Stealth        | 5 9 |  9.0
Dodging        | 3 6 |  6.0
Ranged Weapons | |  5.3

Action                     |  1- 3 |  4- 6 |  7- 9 || total
---------------------------+-------+-------+-------++-------
  Melee: Dagger            |    50 |   176 |   159 ||   385
         Punch             |     1 |     2 |     4 ||     7
   Fire: Shortbow          |     4 |       |       ||     4
  Evoke: Wand              |       |       |     3 ||     3
    Use: Scroll            |     5 |     3 |     4 ||    12
         Potion            |       |     1 |     4 ||     5
   Stab: Sleeping          |    11 |    17 |     8 ||    36
         Distracted        |       |       |     2 ||     2
 Armour: Leather armour    |    11 |    52 |    14 ||    77
  Dodge: Dodged            |    27 |   126 |    80 ||   233

Table legend: (Time is in decaauts)
 A = Elapsed time spent in this place.
 B = Non-inter-level travel time spent in this place.
 C = Inter-level travel time spent in this place.
 D = Time resting spent in this place.
 E = Time spent auto-exploring this place.
 F = Levels seen in this place.
 G = Mean time per level.
                   A        B        C        D        E       F      G
               +--------+--------+--------+--------+--------+-----+--------+
         Total |   5749 |   5590 |    159 |    996 |   3816 |   6 |  958.2 |
       Dungeon |   5749 |   5590 |    159 |    996 |   3816 |   6 |  958.2 |
               +--------+--------+--------+--------+--------+-----+--------+

Top non-repeatable levels by time:
     D:5: 1376 daAuts
     D:3: 1083 daAuts
     D:1: 1074 daAuts
     D:4: 911 daAuts
     D:2: 696 daAuts
     D:6: 606 daAuts
